 Dungeon Crawl Stone Soup version 0.29-a0-334-gb41bcbb86e (webtiles) character file.

Game seed: 1257045438174739020

100 Jortsu the Chopper (level 4, 0/40 HPs)
             Began as a Hill Orc Fighter on Apr 14, 2022.
             Slain by an iguana (12 damage)
             ... on level 2 of the Dungeon.
             The game lasted 00:01:58 (1566 turns).

Jortsu the Chopper (Hill Orc Fighter)               Turns: 1566, Time: 00:01:59

Health: 0/40       AC:  7    Str: 20    XL:     4   Next: 73%
Magic:  4/4        EV:  9    Int:  8    God:
Gold:   94         SH:  4    Dex: 10    Spells: 3/3 levels left

rFire   . . .      SeeInvis .   a - +0 war axe
rCold   . . .      Faith    .   c - +0 buckler
rNeg    . . .      Spirit   .   b - +0 scale mail
rPois   .          Reflect  .   (no helmet)
rElec   .          Harm     .   (no cloak)
rCorr   .          Rampage  .   (no gloves)
Will    .....                   (no boots)
Stlth   ..........              l - amulet of the acrobat
HPRegen 0.13/turn               (no ring)
MPRegen 0.09/turn               (no ring)

@: no status effects
A: no striking features
a: no special abilities


You were on level 2 of the Dungeon.
You visited 1 branch of the dungeon, and saw 2 of its levels.

You collected 94 gold pieces.

Inventory:

Hand Weapons
 a - a +0 war axe (weapon)
Armour
 b - a +0 scale mail (worn)
 c - a +0 buckler (worn)
Jewellery
 l - an amulet of the acrobat (around neck)
Scrolls
 g - a scroll of holy word
Potions
 d - 2 potions of might
 e - a potion of invisibility {unknown}
 f - a potion of mutation
 h - a potion of flight
 k - 2 potions of curing


   Skills:
 + Level 3.9 Fighting
 + Level 4.6 Axes
 + Level 4.3 Armour
 + Level 0.5 Dodging
 + Level 3.4 Shields


You had 3 spell levels left.
You didn't know any spells.
Your spell library contained the following spells:

 Spells                   Type           Power      Damage    Failure   Level
 Corpse Rot               Necr/Air       0%         N/A       94%         2
 Poisonous Vapours        Pois/Air       0%         N/A       94%         2


Dungeon Overview and Level Annotations

Branches:
Dungeon (2/15)

Altars:

Annotations:
D:2 Natasha


Message History

You hit the iguana. The iguana barely misses you. The iguana bites you!
Natasha casts a spell.
Natasha mumbles some strange words.
Natasha's front paws start to glow.
You see here an adder corpse.
You closely miss the iguana.
The iguana is lightly wounded.
The iguana bites you.
You barely miss the iguana.
The iguana is lightly wounded.
The iguana bites you.
The crimson imp blinks!
Natasha mumbles some strange words.
You feel disoriented.
You barely miss the iguana.
The iguana is lightly wounded.
The iguana bites you but does no damage.
The crimson imp spits at you. The iguana closely misses you.
You hit the iguana.
The iguana is moderately wounded.
The iguana closely misses you.
You hit the iguana but do no damage.
The iguana is moderately wounded.
You block the iguana's attack. x2
You hit the iguana but do no damage.
The iguana is moderately wounded.
The iguana bites you but does no damage.
You barely miss the iguana.
The iguana is moderately wounded.
The iguana completely misses you.
You closely miss the iguana.
The iguana is moderately wounded.
The iguana bites you!
* * * LOW HITPOINT WARNING * * *
The iguana barely misses you.
You hit the iguana.
The iguana is severely wounded.
The crimson imp disappears in a puff of smoke!
The iguana bites you!
You die...

#.. ####### #####.# #.....######
###...^.# #..........# #.>....##
#..........# #......##
######....#####.###......##
+....'....#8.8#............
######h8###(..###8.........
#.KSSl@._...+..........
###..8###...###8......###
#.......#8.8#..).+#..## # #
#..5##..#####.##..##.# #
.##.####...##........###.##.####
.......................)........
###......................###+###
######...##########.........#
#.....# #.........##


You could see an iguana, Natasha, an adder, a ball python and a kobold.

Vanquished Creatures
  Natasha (D:2)
  Robin (D:2)
  3 adders (D:2)
  A worm (D:2)
  A dart slug (D:1)
  3 endoplasms
  A giant cockroach (D:1)
  8 goblins
  3 hobgoblins
  3 kobolds
  A quokka (D:2)
  3 ball pythons
  A frilled lizard (D:2)
  A rat (D:2)
31 creatures vanquished.

Notes
Turn   | Place    | Note
-------+----------+-------------------------------------------
     0 | D:1      | Jortsu the Hill Orc Fighter began the quest for the Orb.
     0 | D:1      | Reached XP level 1. HP: 19/19 MP: 1/1
   247 | D:1      | Reached XP level 2. HP: 27/27 MP: 2/2
   696 | D:2      | Reached XP level 3. HP: 29/33 MP: 3/3
  1088 | D:2      | Noticed Natasha
  1099 | D:2      | Killed Natasha
  1100 | D:2      | Reached XP level 4. HP: 26/40 MP: 4/4
  1286 | D:2      | Identified the +0 helmet of Osur {rElec rC+ Dex-4}
  1286 | D:2      | Noticed Robin
  1300 | D:2      | Killed Robin
  1536 | D:2      | Noticed Natasha
  1546 | D:2      | Found a faded altar of an unknown god.
  1566 | D:2      | Slain by an iguana

Illustrated notes

Levels and vault maps discovered:
D:1:      lightli_arrival_statuegarden, layout_loops_ring
D:2:      layout_basic, dreamdust_ecumenical_altar_angels_and_demons,
          uniq_natasha, uniq_robin

Skill      XL: |  1  2  3 |
---------------+----------+-----
Axes           | 3 4 |  4.6
Armour         | 4 |  4.3
Fighting       | |  3.9
Dodging        | |  0.5
Shields        | |  3.4

Action                   |  1- 3 |  4- 6 || total
-------------------------+-------+-------++-------
Melee: War axe           |    59 |    43 ||   102
  Use: Scroll            |     7 |       ||     7
Armor: Scale mail        |    26 |    21 ||    47
Dodge: Dodged            |    22 |    26 ||    48
Block: Buckler           |    13 |    14 ||    27

Table legend: (Time is in decaauts)
 A = Elapsed time spent in this place.
 B = Non-inter-level travel time spent in this place.
 C = Inter-level travel time spent in this place.
 D = Time resting spent in this place.
 E = Time spent auto-exploring this place.
 F = Levels seen in this place.
 G = Mean time per level.
                   A        B        C        D        E       F      G
               +--------+--------+--------+--------+--------+-----+--------+
         Total |   1600 |   1580 |     20 |    329 |    960 |   2 |  800.0 |
       Dungeon |   1600 |   1580 |     20 |    329 |    960 |   2 |  800.0 |
               +--------+--------+--------+--------+--------+-----+--------+

Top non-repeatable levels by time:
     D:2: 995 daAuts
     D:1: 605 daAuts
